 Dungeon Crawl Stone Soup version 0.30-a0-585-g93115170b9 (webtiles) character file.

Game seed: 10730925566111415784

1542189 MackTheKnife the Slayer (level 27, 254/254 HPs)
             Began as a Hill Orc Fighter on Jan 1, 2023.
             Was a High Priest of Okawaru.
             Escaped with the Orb
             ... and 3 runes on Jan 3, 2023!
             The game lasted 02:58:24 (80071 turns).

MackTheKnife the Slayer (Hill Orc Fighter)         Turns: 80071, Time: 02:58:25

Health: 254/254    AC: 36    Str: 35    XL:     27
Magic:  25/25      EV: 18    Int: 10    God:    Okawaru [*****.]
Gold:   880        SH: 20    Dex: 27    Spells: 26/26 levels left

rFire   + + .      SeeInvis +    b - +6 broad axe (freeze) {axe}
rCold   + + +      Faith    .    v - +1 kite shield {AC+3}
rNeg    + . .      Spirit   .    V - +5 gold dragon scales {rare}
rPois   +          Reflect  .    X - -1 helmet "Keirph" {rF++ Int+4 Stlth+}
rElec   +          Harm     .    p - +2 cloak of the Thief {*Fog Slay-2 SInv Stlth+}
rCorr   .          Rampage  .    o - +0 pair of fencer's gloves {Riposte Dex+3}
Will    +++++                    K - +1 pair of boots "Cedoicui" {rN+ Str+2} Stlth
                                 n - amulet of Tiomeomp {RegenMP +Inv Str+7 Int-2 Slay+4}
HPRegen 0.62/turn                U - ring of Life {Ice rPois Will+++ Str-3 Stlth-}
MPRegen 0.59/turn                F - ring "Caoqump" {rElec Str+4 Dex+6 Stlth-}

@: studying Staves
A: cold resistance 1, deformed body, deterioration 1, low MP 2, poison
resistance
0: Orb of Zot
}: 3/15 runes: decaying, serpentine, silver
a: Renounce Religion, Evoke Invisibility, Heroism, Finesse, Duel


You escaped.
You worshipped Okawaru.
Okawaru was extremely pleased with you.
You visited 10 branches of the dungeon, and saw 50 of its levels.
You visited the Abyss 1 time.
You also visited: Ice Cave and Volcano.

You collected 6539 gold pieces.
You spent 5659 gold pieces at shops.


Innate Abilities, Weirdness & Mutations

Your flesh is cold resistant. (rC+)
Armour fits poorly on your strangely shaped body.
Your body sometimes deteriorates upon taking damage.
Your magical capacity is very low. (-20% MP)
Your system is resistant to poisons. (rPois)


   Skills:
 - Level 22.0 Fighting
 - Level 16.3(22.0) Axes
 - Level 20.5(22.0) Maces & Flails
 - Level 20.0 Ranged Weapons
 - Level 22.0 Armour
 + Level 14.0 Dodging
 - Level 6.7 Stealth
 - Level 22.0 Shields
 - Level 12.0 Invocations
 - Level 10.0 Evocations


You had 26 spell levels left.
You didn't know any spells.
Your spell library contained the following spells:

 Spells                   Type           Power      Damage    Failure   Level
 Freeze                   Ice            0%         1d3       96%         1
 Kiss of Death            Conj/Necr      0%         2d5       96%         1
 Magic Dart               Conj           0%         1d3       96%         1
 Necrotise                Necr           0%         1d4       96%         1
 Shock                    Conj/Air       0%         1d3       96%         1
 Cigotuvi's Dreadful Rot  Necr/Pois/Air  0%         N/A       99%         2
 Passwall                 Tmut/Erth      0%         N/A       99%         2
 Scorch                   Fire           0%         2d5       99%         2
 Searing Ray              Conj           0%         2d4       99%         2
 Sublimation of Blood     Necr           0%         N/A       99%         2
 Wereblood                Tmut           0%         N/A       99%         2
 Dazzling Flash           Conj/Hex       0%         N/A       100%        3
 Frozen Ramparts          Ice            0%         1d1       100%        3
 Hailstorm                Conj/Ice       0%         3d3       100%        3
 Inner Flame              Hex/Fire       0%         N/A       100%        3
 Kindle Blastsparks       Fire/Tloc/Air  0%         2d10      100%        3
 Mephitic Cloud           Conj/Pois/Air  0%         N/A       100%        3
 Ozocubu's Armour         Ice            0%         N/A       100%        3
 Stone Arrow              Conj/Erth      0%         3d7       100%        3
 Swiftness                Air            0%         N/A       100%        3
 Vhi's Electric Charge    Tloc/Air       0%         N/A       100%        3
 Airstrike                Air            0%         2d(0-16)  100%        4
 Anguish                  Hex/Necr       0%         N/A       100%        4
 Cause Fear               Hex            0%         N/A       100%        4
 Dispel Undead            Necr           0%         3d6       100%        4
 Flame Wave               Conj/Fire      0%         2d4       100%        4
 Fulminant Prism          Conj/Hex       0%         3d5       100%        4
 Ice Form                 Ice/Tmut       0%         N/A       100%        4
 Iskenderun's Mystic Bla  Conj/Tloc      0%         2d3       100%        4
 Passage of Golubria      Tloc           0%         N/A       100%        4
 Petrify                  Tmut/Erth      0%         N/A       100%        4
 Sticky Flame             Conj/Fire      0%         2d3       100%        4
 Agony                    Necr           0%         N/A       100%        5
 Blade Hands              Tmut           0%         N/A       100%        5
 Borgnjor's Vile Clutch   Necr/Erth      0%         N/A       100%        5
 Irradiate                Conj/Tmut      0%         3d11      100%        5
 Lee's Rapid Deconstruct  Erth           0%         3d4*      100%        5
 Metabolic Englaciation   Hex/Ice        0%         N/A       100%        5
 Silence                  Hex/Air        0%         N/A       100%        5
 Conjure Ball Lightning   Conj/Air       0%         3x3d7     100%        6
 Iron Shot                Conj/Erth      0%         9d1       100%        6
 Statue Form              Tmut/Erth      0%         N/A       100%        6
 Dragon Form              Tmut           0%         N/A       100%        7
 Orb of Destruction       Conj           0%         9d5       100%        7
 Borgnjor's Revivificati  Necr           0%         N/A       100%        8
 Discord                  Hex            0%         N/A       100%        8
 Disjunction              Tloc           0%         N/A       100%        8
 Lehudib's Crystal Spear  Conj/Erth      0%         10d2      100%        8
 Necromutation            Tmut/Necr      0%         N/A       100%        8
 Death's Door             Necr           0%         N/A       100%        9
 Fire Storm               Conj/Fire      0%         5d1       100%        9
 Call Imp                 Summ           Unusable   N/A       N/A         2
 Call Canine Familiar     Summ           Unusable   N/A       N/A         3
 Summon Guardian Golem    Hex/Summ       Unusable   N/A       N/A         3
 Animate Armour           Summ/Erth      Unusable   N/A       N/A         4
 Animate Dead             Necr           Unusable   N/A       N/A         4
 Summon Ice Beast         Ice/Summ       Unusable   N/A       N/A         4
 Summon Mana Viper        Hex/Summ       Unusable   N/A       N/A         5
 Death Channel            Necr           Unusable   N/A       N/A         6
 Simulacrum               Ice/Necr       Unusable   N/A       N/A         6
 Summon Cactus Giant      Summ           Unusable   N/A       N/A         6
 Malign Gateway           Summ/Tloc      Unusable   N/A       N/A         7
 Spellforged Servitor     Conj/Summ      Unusable   N/A       N/A         7
 Summon Hydra             Summ           Unusable   N/A       N/A         7
 Dragon's Call            Summ           Unusable   N/A       N/A         9

Inventory:

Hand Weapons
 b - a +6 broad axe of freezing (weapon) {axe}
   (You took it off a death knight on level 2 of the Vaults)
 c - the +8 eveningstar of Departure {holy, rElec Will++ Str+5, macerare=g}
   (You bought it in a shop on level 4 of the Vaults)

   It has been blessed by the Shining One to cause great damage to the undead
   and demons.
   Str:       It affects your strength (+5).
   rElec:     It insulates you from electricity.
   Will:      It greatly increases your willpower.
Armour
 o - the +0 pair of fencer's gloves (worn) {Riposte Dex+3}
   (You bought it in a shop on level 4 of the Vaults)

   It allows the wearer to riposte with melee weapons, swiftly retaliating
   against missed or blocked melee attacks.
   Dex:       It affects your dexterity (+3).
 p - the +2 cloak of the Thief (worn) {*Fog Slay-2 SInv Stlth+}
   (You found it on level 3 of the Elven Halls)

   It may release a thick cloud of smoke when the wearer is hurt.
   Slay:      It affects your accuracy & damage with ranged weapons and melee
   (-2).
   SInv:      It lets you see invisible.
   Stlth:     It makes you more stealthy.
 v - a +1 kite shield of protection (worn)
   (You took it off a naga warrior on level 4 of the Snake Pit)
 K - the +1 pair of boots "Cedoicui" (worn) {rN+ Str+2}
   (Okawaru gifted it to you on level 1 of the Crypt)

   Str:       It affects your strength (+2).
   rN:        It protects you from negative energy.
 V - +5 gold dragon scales (worn) {rare}
   (You found it on level 4 of the Depths)
 X - the -1 helmet "Keirph" (worn) {rF++ Int+4 Stlth+}
   (You found it in a volcano)

   Int:       It affects your intelligence (+4).
   rF:        It greatly protects you from fire.
   Stlth:     It makes you more stealthy.
Jewellery
 n - the amulet of Tiomeomp (around neck) {RegenMP +Inv Str+7 Int-2 Slay+4}
   (You acquired it on level 12 of the Dungeon)

   [amulet of magic regeneration]

   It increases your rate of magic regeneration.
   Str:       It affects your strength (+7).
   Int:       It affects your intelligence (-2).
   Slay:      It affects your accuracy & damage with ranged weapons and melee
   (+4).
   +Inv:      It lets you turn invisible.
 D - the amulet "Jaton" {Faith Regen+ Int+5 Dex+4}
   (You took it off a vault guard on level 5 of the Vaults)

   [amulet of faith]

   It allows you to gain divine favour quickly.
   Int:       It affects your intelligence (+5).
   Dex:       It affects your dexterity (+4).
   Regen:     It increases your rate of health regeneration.
 F - the ring "Caoqump" (right hand) {rElec Str+4 Dex+6 Stlth-}
   (You found it on level 5 of the Vaults)

   [ring of dexterity]

   Str:       It affects your strength (+4).
   Dex:       It affects your dexterity (+6).
   rElec:     It insulates you from electricity.
   Stlth:     It makes you less stealthy.
 M - the ring of the Barnacle {rCorr Int+3}
   (You found it on level 2 of the Depths)

   [ring of resist corrosion]

   Int:       It affects your intelligence (+3).
   rCorr:     It protects you from acid and corrosion.
 Q - a ring of flight
   (You found it on level 5 of the Lair of Beasts)
 U - the ring of Life (left hand) {Ice rPois Will+++ Str-3 Stlth-}
   (You took it off Josephina on level 2 of the Depths)

   [ring of ice]

   It enhances your ice magic.
   Str:       It affects your strength (-3).
   rF:        It makes you vulnerable to fire.
   rC:        It protects you from cold.
   rPois:     It protects you from poison.
   Will:      It greatly increases your willpower.
   Stlth:     It makes you less stealthy.
 Y - a ring of see invisible
   (You found it on level 3 of the Swamp)
 Z - a +5 ring of evasion
   (You took it off Grum on level 7 of the Dungeon)
Wands
 f - a wand of paralysis (46)
   (You found it on level 1 of the Lair of Beasts)
 E - a wand of iceblast (12)
   (You found it on level 4 of the Dungeon)
 N - a wand of flame (48)
   (You found it on level 5 of the Lair of Beasts)
 R - a wand of digging (1)
   (You found it on level 1 of the Depths)
 T - a wand of mindburst (25)
   (You took it off a salamander on level 3 of the Snake Pit)
Scrolls
 a - a scroll of brand weapon
 i - 2 scrolls of blinking {!r}
 l - 3 scrolls of fog
 m - 13 scrolls of teleportation {@r4}
 q - 9 scrolls of poison
 s - 3 scrolls of fear
 z - 2 scrolls of magic mapping {!r}
 A - 13 scrolls of immolation {!r!r}
 P - a scroll of silence {!r}
Potions
 d - a potion of might
 g - 5 potions of cancellation
 h - 14 potions of heal wounds {@q2}
 j - 5 potions of ambrosia
 k - 7 potions of brilliance
 r - 4 potions of berserk rage {!q}
 x - 3 potions of haste {@q3}
 y - 9 potions of curing {@q1}
 B - 4 potions of resistance
 G - 10 potions of magic
 H - 6 potions of attraction {!q}
 I - 16 potions of flight
 L - 5 potions of invisibility
 S - 7 potions of mutation {!q}
Miscellaneous
 e - a tin of tremorstones (2/2) {throwing}
   (You found it on level 9 of the Dungeon)
 t - a condenser vane
   (You found it on level 3 of the Elven Halls)
 u - a lightning rod (4/4)
   (You found it on level 3 of the Elven Halls)
 O - a phial of floods
   (You found it in an ice cave)

Dungeon Overview and Level Annotations

Branches:
Dungeon (15/15)            Temple (0/1) D:5            Lair (5/5) D:11
  Swamp (4/4) Lair:2        Snake (4/4) Lair:3        Slime (0/5) Lair:5
    Orc (2/2) D:11            Elf (3/3) Orc:2        Vaults (5/5) D:14
  Crypt (3/3) Vaults:2       Tomb (0/3) Crypt:3      Depths (4/4) D:15
    Zot (5/5) Depths:4      IceCv (visited)         Volcano (visited)

Altars:
Hepliaklqana
Kikubaaqudgha
Nemelex Xobeh
Okawaru
Vehumet
Xom
Yredelemnul
Beogh
Jiyva

Shops:
D:4 *   D:13 [   Orc:2 !!(:   Snake:1 ?[(**   Vaults:4 (([[   Vaults:5 *
Depths:1 :=:   Depths:2 [!:!(

Portals:
Hell: Depths:1 Depths:2 Depths:3 Depths:4
Abyss: Depths:1 Depths:3
Pandemonium: Depths:2
Ziggurat: Depths:3
Trove: D:11 (give +3 storm dragon scales)

Annotations:
D:10 3 runed translucent doors
Lair:1 3 runed translucent doors, Uhykki's ghost, journeyman DjFE
Lair:3 2 runed translucent doors, Aretou's ghost, journeyman TrHW
Lair:4 exclusion: oklob plant, Sonja
Lair:5 3 runed translucent doors, caveywoolpert's ghost, journeyman DgEE
Swamp:3 Mara
Swamp:4 Lernaean hydra
Elf:2 3 runed translucent doors
Elf:3 Roxanne
Crypt:1 Zenata
Crypt:2 2 transporters, 1 exclusion, Hivekhle's ghost, veteran VSSu
Depths:3 exclusion: obsidian statue
Zot:2 exclusion: downstairs
Zot:3 exclusion: door
Zot:5 exclusion: upstairs

#.....#.......#####....##
##...#'.##...............
######.##...............
#..##._...........>.
#.####..............
#+###'.....###.#....
##...####### #.#....
#.....# #.#....
#..@..########.#####
#.....#........#
##...##.############
#####...#..........
#.....######...
#.#.#......###.
#.###.###### ## #....>#
####.## ##


There were no monsters in sight!


Message History

You feel a little less mighty now.
There is an open door here.
There is an open door here.
There is an open door here.
There is a stone staircase leading up here.
You climb upwards.
There is a stone staircase leading down, spattered with blood here.
Key pressed, stopping travel.
Unknown command.
Unknown command.
Unknown command.
(D) Dungeon (T) Temple (L) Lair (S) Swamp (P) Snake Pit (M) Slime Pits (O) Orcish Mines (E) Elven Halls (V) Vaults (C) Crypt (W) Tomb (U) Depths (H) Hell (Z) Zot
Where to? (Enter - D:1, ? - help)
What level of the Dungeon? (default 1, ? - help)
There is a stone staircase leading up, spattered with blood here.
You climb upwards.
There is a stone staircase leading down here.
An Orb Guardian comes into view.
Unknown command.
The Orb Guardian attacks as you move away!
The Orb Guardian closely misses you.
The Orb Guardian attacks as you move away!
You block the Orb Guardian's attack.
The Orb Guardian attacks as you move away!
The Orb Guardian misses you.
You riposte.
You barely miss the Orb Guardian. You block the Orb Guardian's attack.
The Orb Guardian attacks as you move away!
You block the Orb Guardian's attack.
You riposte.
You hit the Orb Guardian but do no damage.
You block the Orb Guardian's attack. You block the Orb Guardian's attack.
You riposte.
You closely miss the Orb Guardian. You slice the Orb Guardian!!
You freeze the Orb Guardian! You block the Orb Guardian's attack.
You hit the Orb Guardian. You freeze the Orb Guardian.
You block the Orb Guardian's attack.
You riposte.
You slice the Orb Guardian like a ripe choko!!!
You freeze the Orb Guardian! You barely miss the Orb Guardian.
The Orb Guardian closely misses you.
You hit the Orb Guardian but do no damage.
The Orb Guardian hits you but does no damage.
You cut the Orb Guardian into ribbons!!!
You freeze the Orb Guardian.
You kill the Orb Guardian!
Okawaru accepts your kill.
Your Dodging skill increases to level 14!
No target in view!
There is a stone staircase leading up here.
You climb upwards.
There is a stone staircase leading down here.
(D) Dungeon (T) Temple (L) Lair (S) Swamp (P) Snake Pit (M) Slime Pits (O) Orcish Mines (E) Elven Halls (V) Vaults (C) Crypt (W) Tomb (U) Depths (H) Hell (Z) Zot
Where to? (Enter - D:1, ? - help)
What level of the Dungeon? (default 1, ? - help)
You see here a +0 hand axe {axe}.
There is a stone staircase leading up here.
You climb upwards.
There is a stone staircase leading down, spattered with blood here.
There is a stone staircase leading up here.
You climb upwards.
The orc closely misses you. You block the orc's attack.
You riposte.
You barely miss the orc. You hit the orc. You freeze the orc.
You kill the orc!
The orc closely misses you.
You riposte.
You carve the orc like a ham!!! You freeze the orc.
You kill the orc!
There is a stone staircase leading down here.
You see here a +0 hand axe {axe}.
There is a stone staircase leading up here.
You block the orc's attack. x2
You block the orc's attack. The orc closely misses you.
The orc barely misses you.
You climb upwards.
There is a stone staircase leading down here.
The orc attacks as you move away! You block the orc's attack.
You riposte.
You closely miss the orc. You slice the orc!! You freeze the orc.
You kill the orc!
You slice the orc!! You freeze the orc.
You kill the orc!
You block the orc's attack. The orc attacks as you move away!
You block the orc's attack.
You riposte.
You slice the orc!! You freeze the orc.
You kill the orc!
There is an escape hatch in the ceiling here.
A mysterious force pulls you upwards. The hatch slams shut behind you.
(D) Dungeon (T) Temple (L) Lair (S) Swamp (P) Snake Pit (M) Slime Pits (O) Orcish Mines (E) Elven Halls (V) Vaults (C) Crypt (W) Tomb (U) Depths (H) Hell (Z) Zot
Where to? (Enter - D:1, ? - help)
What level of the Dungeon? (default 1, ? - help) You're already here!
There is a stone staircase leading down here.
There is an open door here.
There is a staircase leading out of the dungeon here.
You have escaped!

Skill      XL: |  1  2  3  4  5  6  7  8  9 10 11 12 13 14 15 16 17 18 19 20 21 22 23 24 25 26 27 |
---------------+----------------------------------------------------------------------------------+-----
Axes           | 3 4 5 6 9 13 16 | 16.3
Stealth        | 1 6 |  6.7
Shields        | 4 5 10 17 22 | 22.0
Fighting       | 4 5 12 13 16 18 20 22 | 22.0
Invocations    | 6 9 12 | 12.0
Evocations     | 4 10 | 10.0
Ranged Weapons | 4 9 10 13 16 20 | 20.0
Armour         | 6 9 11 13 16 17 22 | 22.0
Dodging        | 3 8 10 11 12 14 | 14.0
Maces & Flails | 8 14 15 18 19 20 | 20.5

Action                   |  1- 3 |  4- 6 |  7- 9 | 10-12 | 13-15 | 16-18 | 19-21 | 22-24 | 25-27 || total
-------------------------+-------+-------+-------+-------+-------+-------+-------+-------+-------++-------
Melee: War axe           |    91 |   100 |   225 |   290 |     1 |       |       |       |       ||   707
       Unarmed           |       |       |       |     4 |       |       |       |       |       ||     4
       Punch             |       |       |       |     1 |       |       |       |       |       ||     1
       Great mace        |       |       |       |       |   803 |   957 |  1266 |  1274 |       ||  4300
       Broad axe         |       |       |       |       |       |       |       |   196 |   986 ||  1182
 Fire: Longbow           |       |       |       |   272 |   279 |       |       |       |       ||   551
       Shortbow          |       |       |       |       |   201 |   399 |   126 |     6 |       ||   732
       Arbalest          |       |       |       |       |       |       |    53 |   124 |       ||   177
Throw: Boomerang         |     2 |     1 |    16 |       |       |       |       |       |       ||    19
Invok: Heroism           |       |     1 |     6 |    13 |    31 |    23 |    33 |    30 |    22 ||   159
       Finesse           |       |       |       |       |     2 |     2 |     4 |     5 |     7 ||    20
Evoke: Wand              |       |     5 |     9 |     8 |     5 |     8 |    15 |     6 |    17 ||    73
       Tin of tremorston |       |       |       |     2 |     2 |     6 |     3 |     1 |     3 ||    17
       Phial of floods   |       |       |       |       |     2 |     4 |     4 |     2 |     4 ||    16
       Lightning rod     |       |       |       |       |       |       |     3 |       |     4 ||     7
       Condenser vane    |       |       |       |       |       |       |     4 |     3 |     7 ||    14
  Use: Scroll            |       |     3 |     7 |    13 |     9 |     6 |     8 |    16 |    13 ||    75
       Potion            |       |       |       |     1 |     8 |       |     1 |     8 |    15 ||    33
 Stab: Distracted        |       |       |       |     1 |       |     1 |     2 |       |       ||     4
       Invisible         |       |       |       |       |    11 |     1 |     1 |       |     6 ||    19
       Sleeping          |       |       |       |       |       |     1 |     2 |       |       ||     3
       Confused          |       |       |       |       |       |     1 |       |       |       ||     1
       Paralysed         |       |       |       |       |       |       |     3 |     5 |     3 ||    11
Armor: Scale mail        |    46 |    51 |    60 |       |   465 |   583 |   542 |    63 |       ||  1810
       Acid dragon scale |       |       |    32 |   127 |    53 |       |       |       |       ||   212
       Plate armour      |       |       |       |       |       |       |       |   245 |       ||   245
       Gold dragon scale |       |       |       |       |       |       |       |   486 |   313 ||   799
Dodge: Dodged            |    57 |    45 |    80 |   178 |   596 |   541 |   652 |   934 |   293 ||  3376
Block: Buckler           |    19 |    20 |    45 |    49 |       |       |       |       |       ||   133
       Kite shield       |       |       |       |       |       |       |       |   102 |   458 ||   560
       Rpst.: Broad axe  |       |       |       |       |       |       |       |    49 |   188 ||   237
       Great mace        |       |       |       |       |       |       |       |    14 |       ||    14

Levels and vault maps discovered:
D:1:      noname_arrival_rooms_in_the_neighbourhood, layout_basic,
          serial_curves, eino_curves_02, eino_curves_01, eino_curves_03,
          eino_curves_04, basic_ecumenical_altar
D:2:      layout_loops_cross, st_stairs_14
D:3:      layout_rooms, uniq_terence
D:4:      layout_rooms, serial_shops, shop, dreamdust_princess_bridge,
          serial_park_tiny_pond, item_on_display_a
D:5:      layout_basic, temple_statues, ebering_ghost_reflecting_pool,
          chequers_serial_rivers_micro_e, moated_statue, nrook_campfire
D:6:      layout_gridville, amethyst_overflow_temple_binary, kennysheep_diamond
D:7:      layout_basic, uniq_maggie
D:8:      layout_gridville, uniq_psyche, uniq_prince_ribbit1, uniq_maurice,
          uniq_grum, uniq_erica
D:9:      layout_roguey
D:10:     layout_roguey, minmay_statue_crystal_thing
D:11:     layout_long_grid, david_lair_generic, orc_0_dummy, enter_trove_0
D:12:     layout_basic, uniq_lodul
D:13:     layout_loops_corners, serial_shops, kennysheep_mini
D:14:     layout_loops_ring, erik_vaults_1, chequers_jeans
D:15:     grunt_enter_depths_snipers, layout_loops_ring,
          minmay_tree_intersection
Lair:1:   layout_cave_pods, gammafunk_ghost_necromancy
Lair:2:   layout_cave_shapes, swamp_mist
Lair:3:   layout_roguey, nicolae_snake_entry_warm_welcome,
          ebering_ghost_disaster_area
Lair:4:   minmay_lair_oklob_chamber, layout_cave_pods,
          chequers_serial_rivers_room_a, uniq_sonja
Lair:5:   guppyfry_lair_end_dragon, layout_loops_ring,
          hangedman_lair_tendril_chambers, minmay_slime_entry_pillars,
          gammafunk_ghost_ooze
Swamp:1:  layout_basic_swamp, serial_swamp_ruin, hangedman_swamp_ruin_wall,
          evilmike_swamp_ruin_rubble_1, swamp_pool1
Swamp:2:  nicolae_swamp_tree_isthmus, layout_falls_marsh,
          evilmike_swamp_ruin_house_3, swamp_pool1, hangedman_swamp_grove
Swamp:3:  layout_basic_swamp, nicolae_swamp_stair_fork, uniq_mara
Swamp:4:  swamp_old_school, layout_basic_swamp
Snake:1:  layout_layer_cave, nicolae_wooded_promenade, uniq_azrael
Snake:2:  layout_layer_cave, nicolae_snake_snakes_in_the_grass
Snake:3:  layout_cave_shapes, special_room, serial_bayou_shore_b,
          nicolae_integral_box
Snake:4:  snake_pit, layout_rooms, serial_bayou_shore_a
Orc:1:    layout_diamond_mine, portal_ice_cave_entry_imps
Orc:2:    kennysheep_orc_mage_school, layout_caves, enter_volcano_3,
          mines5_lemuel
Elf:1:    eino_elf_arrival_the_gate, layout_gridlike, minmay_elf_necromancy,
          drop_trap, moated_statue, serial_sigils_hangedman_scar
Elf:2:    nicolae_elf_blades_splatter_lattice [mumra_blade_entry_dagger],
          layout_geoelf_diagonals, grunt_megastairs_4
Elf:3:    minmay_elf_hall_statues, layout_geoelf_octagon, uniq_asterion,
          uniq_roxanne
Vaults:1: v_misc_30, st_eye, nicolae_vaults_what_the_h,
          nicolae_vaults_border_crossing, nicolae_vaults_little_squares_1,
          nicolae_vaults_little_squares_2, hangedman_vaults_slither,
          nicolae_vaults_three_branches, v_misc_22,
          nicolae_vaults_yaktaur_gun_rack, layout_vaults_maze_snakey,
          serial_shops, bzr_entry_gold
Vaults:2: v_misc_16, hangedman_vaults_maws, hangedman_vaults_stagger,
          blue_anna_dwarven_crypt, v_rooms_5, vaults_standard_mumra_x,
          hangedman_vaults_cutoff, vaults_mumra_lcd, ontoclasm_vaults_spin,
          vaults_room_stairs_pillars, ontoclasm_vaults_decontamination,
          nicolae_vaults_angled_halls, v_misc_13, layout_vaults_omnibox
Vaults:3: ontoclasm_vaults_ring_large, vaults_room_semicircle,
          hangedman_vaults_nails, v_rooms_4,
          vaults_room_grunt_arrival_checkpoint, v_rooms_4,
          hangedman_vaults_variations, hangedman_vaults_locks, v_misc_8,
          nicolae_vaults_shelves_hall, nicolae_vaults_diagonal_hallway_7,
          layout_vaults_ring
Vaults:4: v_pattern_4, v_misc_28, vaults_room_grid, nicolae_vaults_network_s,
          vaults_room_pools, v_misc_18, grunt_vaults_hallway_short,
          ontoclasm_vaults_chip, layout_vaults_omnigrid, serial_shops, shop,
          nicolae_shop_behind_doors, shop, nicolae_shop_behind_doors,
          uniq_saint_roka, uniq_jory
Vaults:5: uniq_frederick
Crypt:1:  layout_gridlike, minivault_19, st_stairs_3, minmay_misc_feat_five,
          uniq_zenata
Crypt:2:  layout_chaotic_city, basic_altar, gammafunk_ghost_arena,
          hangedman_weighted_door, lemuel_upstairs_altar
Crypt:3:  lightli_unholy_cathedral, layout_chaotic_city, fountainhead
Depths:1: layout_roguey, hell_entry, abyss_entry_small_statue_room,
          minmay_misc_feat_rows, lemuel_flamethrower_3, minmay_shop_grove
Depths:2: gammafunk_its_a_trap, layout_cave_pools,
          ebering_dispersal_statue_hall, grunt_pan_entry_zigzag, serial_shops,
          nicolae_shop_statue_plus, hangedman_tar_grid_catacomb,
          minmay_shoptagon, uniq_josephina
Depths:3: gammafunk_sealed_arena, layout_basic, enter_ziggurat_c,
          abyss_entry_crystal, hell_entry
Depths:4: grunt_twist_and_shout, layout_gridlike, xom_teletrap_fun, hell_entry,
          minmay_misc_feat_room, lightli_fourway_metalbox
Zot:1:    layout_cathedral_of_symmetry, nrook_zot_tub, grunt_megastairs_3,
          uniq_vv
Zot:2:    grunt_zot_stairs_faceoff, layout_basic, st_stairs_7,
          hangedman_zot_decor_slant
Zot:3:    lemuel_firehouse, layout_onion_interference, hangedman_hellfire_club
Zot:4:    dreamdust_zin_vs_xom, layout_gridlike
Zot:5:    layout_misc_corridors

Notes
Turn   | Place    | Note
-------+----------+-------------------------------------------
     0 | D:1      | MackTheKnife the Hill Orc Fighter began the quest for the
                  | Orb.
     0 | D:1      | Reached XP level 1. HP: 19/19 MP: 1/1
     0 | D:1      | magus.rc [v1.9.6]
     2 | D:1      | Found a faded altar of an unknown god.
    18 | D:1      | Prayed at the altar of an unknown god.
    18 | D:1      | Became a worshipper of Warmaster Okawaru
    18 | D:1      | Reached * piety under Okawaru
    92 | D:1      | Reached skill level 3 in Axes
   147 | D:1      | Reached XP level 2. HP: 20/26 MP: 2/2
   364 | D:1      | Reached skill level 4 in Axes
   561 | D:2      | Reached XP level 3. HP: 27/31 MP: 3/3
   866 | D:2      | Reached skill level 1 in Stealth
  1131 | D:3      | Noticed Terence
  1193 | D:3      | Reached XP level 4. HP: 32/39 MP: 4/4
  1273 | D:3      | Killed Terence
  1274 | D:3      | Reached skill level 4 in Shields
  1414 | D:3      | Reached skill level 5 in Axes
  1529 | D:3      | You pick up a book of the Dragon and begin reading...
  1529 | D:3      | You add the spells Cause Fear and Dragon Form to your
                  | library.
  1673 | D:4      | Reached XP level 5. HP: 30/45 MP: 2/5
  1731 | D:4      | You fall into a shaft and drop 1 floor!
  1731 | D:5      | Entered Level 5 of the Dungeon
  1754 | D:4      | Noticed a water moccasin
  1933 | D:4      | Killed a water moccasin
  1934 | D:4      | Reached skill level 4 in Fighting
  1934 | D:4      | Reached skill level 6 in Axes
  1934 | D:4      | Reached skill level 5 in Shields
  1934 | D:4      | Reached XP level 6. HP: 53/53 MP: 6/6
  2040 | D:4      | Found Xepe's Assorted Antiques.
  2053 | D:4      | Bought 2 scrolls labelled ETEIRIOTTY for 48 gold pieces
  2053 | D:4      | Bought a scroll labelled LESUDU RODDOBIS for 24 gold pieces
  2269 | D:5      | Noticed a steam dragon
  2276 | D:5      | Killed a steam dragon
  2276 | D:5      | Reached ** piety under Okawaru
  2277 | D:5      | Reached skill level 5 in Fighting
  2290 | D:5      | Reached XP level 7. HP: 61/61 MP: 7/7
  2352 | D:5      | Reached skill level 7 in Axes
  2623 | D:5      | Found a staircase to the Ecumenical Temple.
  2790 | D:5      | Found a runed translucent door.
  2792 | D:5      | Noticed hollybug's ghost (amateur GnCA)
  2828 | D:5      | Killed hollybug's ghost
  2829 | D:5      | Reached skill level 8 in Axes
  3060 | D:6      | Reached skill level 9 in Axes
  3112 | D:6      | Noticed a steam dragon
  3116 | D:6      | Killed a steam dragon
  3117 | D:6      | Reached XP level 8. HP: 70/70 MP: 8/8
  3196 | D:6      | Reached skill level 10 in Axes
  3442 | D:6      | Reached *** piety under Okawaru
  3443 | D:6      | Reached skill level 11 in Axes
  3552 | D:6      | Found a sparkling altar of Nemelex Xobeh.
  3564 | D:6      | Found a hazy altar of Hepliaklqana.
  4145 | D:7      | Reached skill level 12 in Axes
  4264 | D:7      | Noticed Maggie
  4282 | D:7      | Reached skill level 13 in Axes
  4282 | D:7      | Reached XP level 9. HP: 66/75 MP: 7/9
  4322 | D:7      | You pick up a book of Alchemy and begin reading...
  4322 | D:7      | You add the spells Sublimation of Blood, Petrify and
                  | Irradiate to your library.
  4402 | D:7      | Killed Maggie
  4707 | D:7      | Reached skill level 14 in Axes
  4773 | D:7      | You pick up a book of Sloth and begin reading...
  4773 | D:7      | You add the spells Metabolic Englaciation and Statue Form
                  | to your library.
  4779 | D:7      | You pick up a book of Flames and begin reading...
  4779 | D:7      | You add the spells Inner Flame, Sticky Flame and Flame Wave
                  | to your library.
  5051 | D:8      | Reached **** piety under Okawaru
  5054 | D:8      | Noticed Erica
  5105 | D:8      | Noticed Prince Ribbit
  5113 | D:8      | Killed Prince Ribbit
  5114 | D:8      | Killed Erica
  5115 | D:8      | Reached skill level 15 in Axes
  5168 | D:8      | Reached skill level 16 in Axes
  5184 | D:8      | Reached XP level 10. HP: 76/83 MP: 10/10
  5491 | D:8      | Reached skill level 6 in Fighting
  5526 | D:8      | Noticed Maurice
  5530 | D:8      | Killed Maurice
  5531 | D:8      | Reached skill level 7 in Fighting
  5639 | D:8      | Noticed Grum
  5769 | D:7      | Killed Grum
  6044 | D:8      | Reached skill level 8 in Fighting
  6196 | D:8      | Noticed Psyche
  6227 | D:8      | Killed Psyche
  6417 | D:8      | Reached skill level 9 in Fighting
  6780 | D:9      | Reached skill level 10 in Fighting
  6897 | D:9      | Received a gift from Okawaru
  6938 | D:9      | Noticed a two-headed ogre
  6946 | D:9      | Killed a two-headed ogre
  6946 | D:9      | Reached ***** piety under Okawaru
  6946 | D:9      | Noticed a two-headed ogre
  6947 | D:9      | Reached skill level 11 in Fighting
  6954 | D:9      | Killed a two-headed ogre
  6955 | D:9      | Reached skill level 12 in Fighting
  6955 | D:9      | Reached XP level 11. HP: 59/105 MP: 5/11
  7622 | D:10     | Entered Level 10 of the Dungeon
  7641 | D:10     | Reached skill level 1 in Invocations
  7641 | D:10     | Reached skill level 1 in Evocations
  7653 | D:10     | Reached skill level 2 in Invocations
  7668 | D:10     | Reached skill level 2 in Evocations
  7673 | D:10     | Reached skill level 3 in Invocations
  7808 | D:10     | You add the spells Passwall, Dazzling Flash and Lehudib's
                  | Crystal Spear to your library.
  7808 | D:10     | Got the Compendium of Sandy Fascination
  7821 | D:10     | Noticed a two-headed ogre
  7840 | D:10     | Killed a two-headed ogre
  7841 | D:10     | Reached skill level 4 in Invocations
  7841 | D:10     | Reached skill level 3 in Evocations
  7856 | D:10     | Noticed a two-headed ogre
  7866 | D:10     | Killed a two-headed ogre
  7876 | D:10     | Reached skill level 5 in Invocations
  8188 | D:10     | Found a runed translucent door.
  8200 | D:10     | Found a runed translucent door.
  8220 | D:10     | Found a runed translucent door.
  8238 | D:10     | Found a runed translucent door.
  8376 | D:10     | Reached skill level 4 in Evocations
  8392 | D:10     | Identified the +10 longbow "Teanamany" {freeze, rF++ Will+
                  | Dex-3 Stlth+} (Okawaru gifted it to you on level 10 of the
                  | Dungeon)
  8392 | D:10     | Received a gift from Okawaru
  8398 | D:10     | Reached skill level 6 in Invocations
  8572 | D:10     | Noticed a two-headed ogre
  8731 | D:10     | Killed a two-headed ogre
  8732 | D:10     | Reached skill level 2 in Ranged Weapons
  8815 | D:11     | Noticed a brown ugly thing
  8844 | D:10     | Reached skill level 3 in Ranged Weapons
  9022 | D:11     | Noticed a white ugly thing
  9120 | D:11     | Killed a white ugly thing
  9389 | D:11     | Found a portal to a secret trove of treasure.
  9442 | D:11     | This trove needs +3 storm dragon scales to function. Give
                  | it the item?
  9550 | D:11     | Noticed a manticore
  9557 | D:11     | Killed a manticore
  9558 | D:11     | Reached skill level 4 in Ranged Weapons
  9741 | D:11     | Noticed a manticore
  9744 | D:11     | Killed a manticore
  9745 | D:11     | Reached XP level 12. HP: 113/113 MP: 16/16
  9767 | D:11     | Found a staircase to the Lair.
  9769 | D:11     | Reached skill level 5 in Ranged Weapons
  9813 | D:11     | Noticed a two-headed ogre
  9819 | D:11     | Killed a two-headed ogre
  9941 | D:11     | Reached skill level 6 in Ranged Weapons
 10093 | D:11     | Found a staircase to the Orcish Mines.
 10240 | Lair:1   | Entered Level 1 of the Lair of Beasts
 10329 | Lair:1   | Found a runed translucent gate.
 10331 | Lair:1   | Found a runed translucent gate.
 10332 | Lair:1   | Found a runed translucent gate.
 10574 | Lair:1   | Reached skill level 7 in Ranged Weapons
 10720 | Lair:1   | Noticed Uhykki's ghost (journeyman DjFE)
 11097 | Lair:2   | Identified the +6 scale mail "Daesm" {rElec rPois} (Okawaru
                  | gifted it to you on level 2 of the Lair of Beasts)
 11097 | Lair:2   | Received a gift from Okawaru
 11185 | Lair:2   | Reached skill level 4 in Armour
 11265 | Lair:2   | Reached skill level 5 in Armour
 11282 | Lair:2   | HP: 26/113 [yak (9)]
 11287 | Lair:2   | Reached skill level 6 in Armour
 11287 | Lair:2   | HP: 21/113 [poisoned by a cane toad]
 11684 | Lair:2   | Reached skill level 8 in Ranged Weapons
 11884 | Lair:2   | Found a staircase to the Swamp.
 12083 | Lair:2   | Reached skill level 9 in Ranged Weapons
 12288 | Lair:3   | Noticed a six-headed hydra
 12383 | Lair:3   | Reached XP level 13. HP: 114/119 MP: 15/17
 12526 | Lair:3   | Found a staircase to the Snake Pit.
 12532 | Lair:3   | Reached skill level 10 in Ranged Weapons
 12645 | Lair:3   | Reached skill level 1 in Dodging
 12647 | Lair:3   | Identified the +8 arbalest "Jynoje" {elec, rCorr Int-2
                  | Stlth+} (Okawaru gifted it to you on level 3 of the Lair of
                  | Beasts)
 12647 | Lair:3   | Received a gift from Okawaru
 12648 | Lair:3   | Reached skill level 2 in Dodging
 12722 | Lair:3   | Found a large runed translucent door.
 12722 | Lair:3   | Found a large runed translucent door.
 12727 | Lair:3   | Noticed Aretou's ghost (journeyman TrHW)
 12772 | Lair:3   | Reached skill level 3 in Dodging
 12837 | Lair:3   | You pick up a book of Winter and begin reading...
 12846 | Lair:3   | Identified the +7 great mace "Vyntipp" {antimagic, rElec
                  | rF+ rC+ Int-5}
 13353 | Lair:4   | Reached skill level 13 in Fighting
 13566 | Lair:4   | Noticed Sonja
 13573 | Lair:4   | You are cast into the Abyss!
 13573 | Abyss:2  | Found a corrupted altar of Lugonu.
 13573 | Abyss:2  | Cast into level 2 of the Abyss (Sonja)
 13593 | Abyss:2  | Found a corrupted altar of Lugonu.
 13594 | Abyss:2  | magus.rc [v1.9.6]
 13636 | Abyss:2  | Found a corrupted altar of Lugonu.
 13662 | Abyss:2  | Reached skill level 1 in Maces & Flails
 13713 | Abyss:2  | Reached skill level 2 in Maces & Flails
 13736 | Abyss:2  | Reached skill level 3 in Maces & Flails
 13818 | Abyss:2  | magus.rc [v1.9.6]
 13822 | Abyss:2  | Reached skill level 4 in Maces & Flails
 13846 | Abyss:2  | Reached skill level 5 in Maces & Flails
 13861 | Abyss:2  | Reached skill level 6 in Maces & Flails
 13872 | Abyss:2  | Reached skill level 7 in Maces & Flails
 13931 | Abyss:2  | Noticed a tentacled starspawn
 13952 | Abyss:2  | magus.rc [v1.9.6]
 13952 | Abyss:2  | Killed a tentacled starspawn
 14022 | Abyss:2  | Found a corrupted altar of Lugonu.
 14067 | Abyss:2  | Noticed a rakshasa
 14085 | Abyss:2  | Reached skill level 8 in Maces & Flails
 14117 | Abyss:2  | Reached XP level 14. HP: 70/130 MP: 3/18
 14120 | Abyss:2  | magus.rc [v1.9.6]
 14141 | Lair:4   | You pass through the gate.
 14141 | Lair:4   | Escaped the Abyss
 14455 | Lair:4   | Received a gift from Okawaru
 14712 | Lair:4   | Reached skill level 9 in Maces & Flails
 14917 | Lair:5   | Entered Level 5 of the Lair of Beasts
 15165 | Lair:5   | Reached skill level 10 in Maces & Flails
 15287 | Lair:5   | Found a viscous altar of Jiyva.
 15288 | Lair:5   | Found a staircase to the Slime Pits.
 15379 | Lair:5   | Found a runed translucent gate.
 15379 | Lair:5   | Found a runed translucent gate.
 15379 | Lair:5   | Found a runed translucent gate.
 15379 | Lair:5   | Noticed an acid blob
 15380 | Lair:5   | Noticed an azure jelly
 15380 | Lair:5   | Noticed an acid blob
 15381 | Lair:5   | Noticed an azure jelly
 15381 | Lair:5   | Noticed an azure jelly
 15382 | Lair:5   | Found a viscous altar of Jiyva.
 15382 | Lair:5   | Noticed an azure jelly
 15382 | Lair:5   | Noticed an acid blob
 15382 | Lair:5   | Noticed an azure jelly
 15382 | Lair:5   | Noticed an azure jelly
 15382 | Lair:5   | Noticed caveywoolpert's ghost (journeyman DgEE)
 15414 | Lair:5   | Reached skill level 11 in Maces & Flails
 15735 | Lair:5   | Reached skill level 12 in Maces & Flails
 16083 | Lair:5   | Reached skill level 13 in Maces & Flails
 16322 | Lair:5   | Received a gift from Okawaru
 16377 | Lair:5   | You pick up a book of Scorching and begin reading...
 16536 | Lair:5   | Reached skill level 14 in Maces & Flails
 16581 | Lair:5   | Reached XP level 15. HP: 91/137 MP: 6/19
 17007 | Lair:5   | Reached skill level 15 in Maces & Flails
 17988 | Orc:1    | Entered Level 1 of the Orcish Mines
 17988 | Orc:1    | Found a frozen archway.
 18018 | IceCv    | Entered an ice cave
 18023 | IceCv    | Identified the +8 shortbow of the Absolute Madman {freeze,
                  | Will+ Stlth+} (Okawaru gifted it to you in an ice cave)
 18023 | IceCv    | Received a gift from Okawaru
 18040 | IceCv    | Found a transporter.
 18044 | IceCv    | Identified the +3 chain mail of the Hall of Blades {Regen+
                  | Str-4 Int+3}
 18063 | IceCv    | Found a transporter.
 18377 | Orc:1    | You fall into a shaft and drop 1 floor!
 18377 | Orc:2    | Entered Level 2 of the Orcish Mines
 18858 | Orc:2    | Found a dark tunnel.
 18915 | Volcano  | Entered a volcano
 18945 | Volcano  | Reached skill level 7 in Armour
 19220 | Volcano  | Found a radiant altar of Vehumet.
 19320 | Volcano  | W - a +2 quick blade of flaming {shortrare=g}
 19321 | Volcano  | Identified the -1 helmet "Keirph" {rF++ Int+4 Stlth+}
 19361 | Volcano  | Found a burning altar of Makhleb.
 19549 | Orc:2    | Reached skill level 8 in Armour
 19640 | Orc:2    | Found a staircase to the Elven Halls.
 19891 | Orc:2    | Identified a +2 robe of the Archmagi
 19914 | Orc:2    | Reached skill level 9 in Armour
 20205 | Orc:2    | Found a radiant altar of Vehumet.
 20206 | Orc:2    | Noticed Erolcha
 20213 | Orc:2    | Killed Erolcha
 20225 | Orc:2    | Found Timuurch's Book Boutique.
 20389 | Orc:2    | Found an ancient bone altar of Kikubaaqudgha.
 20436 | Orc:2    | Found a roughly hewn altar of Beogh.
 20436 | Orc:2    | Found Wesuuc's Distillery.
 20463 | Orc:2    | Found Lukleriu's Antique Weapon Boutique.
 20471 | Orc:2    | Found Dyfeitoy's Distillery.
 20487 | Orc:2    | Bought a potion of heal wounds for 65 gold pieces
 20487 | Orc:2    | Bought a potion of haste for 130 gold pieces
 20487 | Orc:2    | Bought a potion of invisibility for 104 gold pieces
 20487 | Orc:2    | Bought a potion of curing for 39 gold pieces
 20487 | Orc:2    | Bought a potion of curing for 39 gold pieces
 20496 | Orc:2    | Bought a potion of heal wounds for 55 gold pieces
 20496 | Orc:2    | Bought a potion of might for 44 gold pieces
 20512 | Orc:2    | Bought a manual of Ranged Weapons for 960 gold pieces
 21373 | D:12     | Noticed Lodul
 21390 | D:12     | Killed Lodul
 21401 | D:12     | Reached skill level 11 in Ranged Weapons
 21674 | D:12     | Identified a scroll of acquirement
 21679 | D:12     | Acquired the amulet of Tiomeomp {RegenMP +Inv Str+7 Int-2
                  | Slay+4}
 22195 | D:12     | Found the +7 staff of the Meek {protect, meekguard}
 22430 | D:13     | Reached skill level 12 in Ranged Weapons
 22805 | D:13     | Found Asmetamna's Antique Armour Emporium.
 23283 | D:13     | j - +0 shadow dragon scales {rare}
 23294 | D:13     | You finish putting on your +0 shadow dragon scales {rare}.
 23299 | D:13     | You finish taking off your +0 shadow dragon scales {rare}.
 23853 | D:13     | You drop a +2 quick blade of flaming {shortrare=g}.
 23881 | D:14     | Reached skill level 13 in Ranged Weapons
 23899 | D:14     | Reached XP level 16. HP: 46/145 MP: 6/20
 23906 | D:14     | HP: 36/145 [manticore/volley of spikes (10)]
 24241 | D:13     | W - a +2 quick blade of flaming {shortrare=g}
 24242 | D:13     | You drop a +2 quick blade of flaming {shortrare=g}.
 24247 | D:13     | W - a +2 quick blade of flaming {shortrare=g}
 24293 | D:13     | You drop a +2 quick blade of flaming {shortrare=g}.
 24294 | D:13     | You drop +0 shadow dragon scales {rare}.
 24600 | D:14     | Reached skill level 14 in Ranged Weapons
 24697 | D:14     | You pick up a book of Decay and begin reading...
 24697 | D:14     | You add the spells Cigotuvi's Dreadful Rot and Dispel
                  | Undead to your library.
 24912 | D:14     | Found a gate to the Vaults.
 24989 | D:14     | Identified the +1 scale mail of Vlad {rElec rPois Int+4}
                  | (Okawaru gifted it to you on level 14 of the Dungeon)
 24989 | D:14     | Received a gift from Okawaru
 25046 | D:14     | Reached skill level 15 in Ranged Weapons
 25312 | D:15     | Entered Level 15 of the Dungeon
 26042 | D:15     | Reached skill level 16 in Ranged Weapons
 26476 | D:15     | Found a staircase to the Depths.
 26766 | Snake:1  | Entered Level 1 of the Snake Pit
 26889 | Snake:1  | Reached skill level 14 in Fighting
 27432 | Snake:1  | Found the +5 glaive of the Guard {elec, spectral, AC+5}
 27575 | Snake:1  | Found Datoagh's Magic Scroll Shoppe.
 27586 | Snake:1  | Found Juphutemoj's Antique Armour Boutique.
 27588 | Snake:1  | Found Coc Poroire's Weapon Shop.
 27590 | Snake:1  | Found Nilesk's Assorted Antiques.
 27590 | Snake:1  | Found Unwuwufa's General Store.
 27615 | Snake:1  | Bought a scroll of blinking for 120 gold pieces
 27619 | Snake:1  | Bought a potion of heal wounds for 190 gold pieces
 27628 | Snake:1  | Bought a scroll of teleportation for 60 gold pieces
 27779 | Snake:1  | Noticed Azrael
 27785 | Snake:1  | Reached skill level 15 in Fighting
 27790 | Snake:1  | Killed Azrael
 27926 | Snake:1  | Noticed a nagaraja
 27939 | Snake:1  | Killed a nagaraja
 28543 | Snake:1  | magus.rc [v1.9.6]
 29030 | Snake:2  | Received a gift from Okawaru
 29247 | Snake:2  | Reached skill level 16 in Fighting
 29408 | Snake:2  | Noticed a nagaraja
 29427 | Snake:2  | Killed a nagaraja
 29448 | Snake:2  | HP: 38/152 [black mamba[a naga ritualist] (5)]
 29453 | Snake:2  | HP: 31/152 [poisoned by a black mamba]
 30025 | Snake:2  | Reached XP level 17. HP: 133/160 MP: 7/21
 30129 | Snake:2  | Reached skill level 17 in Fighting
 30627 | Snake:2  | You pick up a book of Decay and begin reading...
 30772 | Snake:3  | Reached skill level 10 in Armour
 31790 | Snake:3  | You pick up a book of the Tundra and begin reading...
 31790 | Snake:3  | You add the spells Hailstorm and Ice Form to your library.
 31982 | Snake:3  | Reached skill level 11 in Armour
 32120 | Snake:4  | Entered Level 4 of the Snake Pit
 32429 | Snake:4  | Identified the +9 flail of the Witching Gods {freeze, rN+++
                  | Dex+5 Stlth-}
 32436 | Snake:4  | Reached skill level 18 in Fighting
 32459 | Snake:4  | Identified the +2 pair of boots of Woist {Str+6} (Okawaru
                  | gifted it to you on level 4 of the Snake Pit)
 32459 | Snake:4  | Received a gift from Okawaru
 32460 | Snake:4  | Reached skill level 4 in Dodging
 32788 | Snake:3  | Reached skill level 5 in Dodging
 33190 | Snake:4  | Reached skill level 6 in Dodging
 33765 | Snake:4  | Reached skill level 7 in Dodging
 34091 | Snake:4  | Identified the +8 sling of Conflict {freeze, Int+6}
                  | (Okawaru gifted it to you on level 4 of the Snake Pit)
 34091 | Snake:4  | Received a gift from Okawaru
 34175 | Snake:4  | Reached skill level 8 in Dodging
 34608 | Snake:4  | Got a serpentine rune of Zot
 34654 | Snake:4  | Reached XP level 18. HP: 67/172 MP: 7/22
 35339 | Swamp:1  | Entered Level 1 of the Swamp
 35347 | Swamp:1  | Reached skill level 9 in Dodging
 35368 | Swamp:1  | magus.rc [v1.9.6]
 36407 | Swamp:2  | You pick up a book of Frost and begin reading...
 36407 | Swamp:2  | You add the spells Freeze and Frozen Ramparts to your
                  | library.
 36700 | Swamp:2  | Reached skill level 10 in Dodging
 36800 | Swamp:2  | Reached skill level 16 in Maces & Flails
 37529 | Swamp:3  | HP: 42/172 [alligator (35)]
 37534 | Swamp:3  | HP: 34/172 [alligator (2)]
 37919 | Swamp:3  | Reached skill level 17 in Maces & Flails
 38154 | Swamp:3  | Noticed Mara
 38191 | Swamp:4  | Entered Level 4 of the Swamp
 38192 | Swamp:4  | Noticed a tentacled monstrosity
 38211 | Swamp:3  | Killed a tentacled monstrosity
 38641 | Swamp:4  | Identified the +1 buckler of Space {rC+ Str+3 Int+2 Dex-5}
                  | (Okawaru gifted it to you on level 4 of the Swamp)
 38641 | Swamp:4  | Received a gift from Okawaru
 38887 | Swamp:4  | magus.rc [v1.9.6]
 39147 | Swamp:3  | magus.rc [v1.9.6]
 39182 | Swamp:4  | You pick up a book of Blasting and begin reading...
 39182 | Swamp:4  | You add the spells Kindle Blastsparks, Fulminant Prism,
                  | Iskenderun's Mystic Blast and Lee's Rapid Deconstruction to
                  | your library.
 39447 | Swamp:4  | Reached skill level 18 in Maces & Flails
 39554 | Swamp:4  | magus.rc [v1.9.6]
 39652 | Swamp:4  | Reached skill level 7 in Invocations
 39684 | Swamp:4  | Reached skill level 8 in Invocations
 39961 | Swamp:4  | Reached skill level 9 in Invocations
 39963 | Swamp:4  | Noticed the 27-headed Lernaean hydra
 40154 | Vaults:1 | Entered Level 1 of the Vaults
 40444 | Depths:1 | Entered Level 1 of the Depths
 40752 | Elf:1    | Entered Level 1 of the Elven Halls
 40770 | Elf:1    | Reached XP level 19. HP: 173/179 MP: 8/26
 40777 | Elf:1    | Reached skill level 10 in Invocations
 40889 | Elf:1    | Reached skill level 11 in Invocations
 40996 | Elf:1    | Got the Discursus on Profane Mysteries
 41651 | Elf:1    | Reached skill level 12 in Invocations
 41651 | Elf:1    | Reached skill level 5 in Evocations
 41887 | Elf:1    | Reached skill level 6 in Evocations
 42388 | Elf:2    | Received a gift from Okawaru
 42398 | Elf:2    | Found a runed translucent gate.
 42398 | Elf:2    | Found a runed translucent gate.
 42398 | Elf:2    | Found a runed translucent gate.
 42481 | Elf:2    | Reached skill level 7 in Evocations
 42974 | Elf:3    | Entered Level 3 of the Elven Halls
 42989 | Elf:3    | Reached skill level 8 in Evocations
 43166 | Elf:3    | Noticed Asterion
 43183 | Elf:3    | Killed Asterion
 43197 | Elf:3    | Reached skill level 9 in Evocations
 43576 | Elf:3    | Identified Roxanne's Anthology of Orogeny
 43576 | Elf:3    | Noticed Roxanne
 43904 | Elf:3    | Paralysed by an air elemental for 1 turns
 44117 | Elf:3    | Identified the +0 robe of Masochism {rPois Str-4 Dex+2}
 44143 | Elf:3    | Reached skill level 10 in Evocations
 44472 | Elf:3    | Reached skill level 12 in Armour
 44940 | Elf:3    | Identified the +1 scale mail "Fastal" {rC+ Will+} (Okawaru
                  | gifted it to you on level 3 of the Elven Halls)
 44940 | Elf:3    | Received a gift from Okawaru
 45037 | Elf:3    | Identified the ring of the Heavens {MP+9 Int+3}
 45170 | Elf:3    | Reached skill level 13 in Armour
 45170 | Elf:3    | Reached XP level 20. HP: 150/187 MP: 9/29
 45319 | Elf:3    | Found the +2 cloak of the Thief {*Fog Slay-2 SInv Stlth+}
 45330 | Elf:3    | Got the Exposition on Called Darkness
 45346 | Elf:3    | You add the spells Swiftness, Stone Arrow and Airstrike to
                  | your library.
 45346 | Elf:3    | Got the Handbook of Arcane Weapons and Astrapomancy
 45352 | Elf:3    | Got the Disquisition on the Summoned Blizzard
 45358 | Elf:3    | Got the Elucidation of Scree and Creation
 45360 | Elf:3    | You add the spells Necrotise, Agony and Death's Door to
                  | your library.
 45360 | Elf:3    | Got Upaigreesm's Guide on Lethal Doom
 45366 | Elf:3    | You pick up a book of Unlife and begin reading...
 46209 | Vaults:1 | Reached skill level 14 in Armour
 46847 | Vaults:1 | Reached skill level 15 in Armour
 47306 | Vaults:1 | Reached skill level 16 in Armour
 47330 | Vaults:1 | HP: 43/188 [yaktaur/bolt[a yaktaur captain] (22)]
 47615 | Vaults:1 | Identified the +2 arbalest of Amyurch {heavy, rElec rPois
                  | Int+4 Stlth+}
 48098 | Vaults:1 | Identified the -1 cloak of Shadows and Fog {-Cast Str+3
                  | SInv Stlth+}
 48448 | Snake:1  | Bought a scroll of acquirement for 1976 gold pieces
 48453 | Snake:1  | Acquired a manual of Ranged Weapons
 49151 | Vaults:2 | Reached skill level 19 in Fighting
 49414 | Vaults:2 | Found a staircase to the Crypt.
 49682 | Vaults:2 | Reached skill level 20 in Fighting
 50028 | Vaults:2 | Reached XP level 21. HP: 174/201 MP: 10/30
 50402 | Vaults:3 | Reached skill level 17 in Ranged Weapons
 50595 | Vaults:3 | Received a gift from Okawaru
 50992 | Vaults:3 | Reached skill level 18 in Ranged Weapons
 51540 | Vaults:3 | Reached skill level 19 in Ranged Weapons
 51549 | Vaults:3 | HP: 43/201 [vault guard/+2 halberd of freezing[a vault
                  | warden] (9)]
 52586 | Vaults:3 | Reached skill level 20 in Ranged Weapons
 53197 | Vaults:4 | Noticed Jory
 53211 | Vaults:4 | Killed Jory
 53327 | Vaults:4 | Noticed Saint Roka
 53353 | Vaults:4 | Killed Saint Roka
 53354 | Vaults:4 | Reached skill level 19 in Maces & Flails
 53573 | Vaults:4 | Identified the +2 hat "Yczuz" {Will+}
 53654 | Vaults:4 | Found Bimpey's Antique Armour Emporium.
 53986 | Vaults:4 | Found Qylypt's Armour Boutique.
 54020 | Vaults:4 | Reached XP level 22. HP: 209/209 MP: 10/31
 54121 | Vaults:4 | Reached skill level 20 in Maces & Flails
 54612 | Vaults:4 | Received a gift from Okawaru
 55150 | Vaults:4 | Found Zuarath's Antique Weapon Emporium.
 55354 | Vaults:4 | Found Fecrew's Weapon Boutique.
 55655 | Depths:1 | Found a one-way gate to the infinite horrors of the Abyss.
 55660 | D:15     | Gained mutation: Armour fits poorly on your strangely
                  | shaped body. [potion of mutation]
 55660 | D:15     | Gained mutation: Your flesh is cold resistant. (rC+)
                  | [potion of mutation]
 55660 | D:15     | Gained mutation: Your natural rate of healing is unusually
                  | fast. [potion of mutation]
 55661 | D:15     | Lost mutation: Your flesh is cold resistant. (rC+) [potion
                  | of mutation]
 55661 | D:15     | Lost mutation: Your natural rate of healing is unusually
                  | fast. [potion of mutation]
 55661 | D:15     | Gained mutation: Your system is resistant to poisons.
                  | (rPois) [potion of mutation]
 55661 | D:15     | Gained mutation: You are covered in fur. (AC +1) [potion of
                  | mutation]
 55662 | D:15     | Lost mutation: You are covered in fur. (AC +1) [potion of
                  | mutation]
 55662 | D:15     | Lost mutation: Armour fits poorly on your strangely shaped
                  | body. [potion of mutation]
 55662 | D:15     | Gained mutation: Your flesh is cold resistant. (rC+)
                  | [potion of mutation]
 56487 | Depths:1 | Found a gateway to Hell.
 56799 | Depths:1 | Reached skill level 21 in Fighting
 57491 | Depths:1 | Found Akinle's Book Emporium.
 57491 | Depths:1 | Found Lahuyferph's Jewellery Shop.
 57492 | Depths:1 | Found Buny's Book Emporium.
 57685 | Depths:1 | Received a gift from Okawaru
 57719 | Depths:2 | Found a transporter.
 57937 | Depths:2 | Found Huraefaro's Distillery.
 58096 | Depths:2 | Found Xoleinuu's Book Shoppe.
 58096 | Depths:2 | Found Copneero's Distillery.
 58097 | Depths:2 | Found Iluofuav's Antique Armour Emporium.
 58099 | Depths:2 | Found Wanalisch's Antique Weapon Shoppe.
 58394 | Depths:2 | Found a transporter.
 58480 | Depths:2 | Reached skill level 22 in Fighting
 58602 | Depths:2 | Found a one-way gate leading to the halls of Pandemonium.
 58908 | Depths:2 | Identified the ring of Life {Ice rPois Will+++ Str-3
                  | Stlth-}
 58908 | Depths:2 | Noticed Josephina
 58940 | Depths:2 | Killed Josephina
 59126 | Depths:2 | You pick up a book of Minor Magic and begin reading...
 59126 | Depths:2 | You add the spells Magic Dart and Mephitic Cloud to your
                  | library.
 59276 | Depths:2 | Noticed a golden dragon
 59305 | Depths:2 | Killed a golden dragon
 59306 | Depths:2 | Reached skill level 17 in Armour
 59612 | Depths:2 | Identified the ring of the Barnacle {rCorr Int+3}
 59622 | Depths:2 | Identified the amulet "Meago" {RegenMP Will- Int+7 Slay+3}
 60067 | Depths:3 | Noticed a juggernaut
 60075 | Depths:3 | Found a transporter.
 60117 | Depths:3 | Reached XP level 23. HP: 115/223 MP: 10/32
 60342 | Depths:3 | Reached skill level 18 in Armour
 60410 | Depths:3 | Found a one-way gateway to a ziggurat.
 60520 | Depths:3 | Found a transporter.
 60662 | Depths:3 | You fall into a shaft and drop 1 floor!
 60662 | Depths:4 | Entered Level 4 of the Depths
 61664 | Depths:4 | Noticed a golden dragon
 61933 | Depths:3 | Killed a golden dragon
 61965 | Depths:4 | Reached skill level 19 in Armour
 62236 | Depths:4 | Noticed a golden dragon
 62249 | Depths:4 | Killed a golden dragon
 62249 | Depths:4 | Received a gift from Okawaru
 62249 | Depths:4 | Identified +0 gold dragon scales
 62258 | Depths:4 | V - +0 gold dragon scales {rare}
 62561 | Depths:3 | You finish putting on your +0 gold dragon scales {rare}.
 62572 | Depths:3 | your +0 gold dragon scales {rare} glow green for a moment.
 62573 | Depths:3 | your +1 gold dragon scales {rare} glow green for a moment.
 62990 | Depths:4 | Found a shimmering altar of Xom.
 63157 | Depths:4 | v - a +2 quick blade of holy wrath {shortrare=g}
 63162 | Depths:4 | You drop a +2 quick blade of holy wrath {shortrare=g}.
 63163 | Depths:4 | v - a +2 quick blade of holy wrath {shortrare=g}
 63209 | Depths:4 | Reached skill level 20 in Armour
 63321 | Depths:4 | Found a gate to the Realm of Zot.
 64126 | Depths:3 | Identified the +0 helmet of Puuk {+Inv rPois rF+ Dex-3}
 64338 | Vaults:4 | magus.rc [v1.9.6]
 64634 | Snake:1  | Bought a scroll of enchant armour for 120 gold pieces
 64634 | Snake:1  | your +2 gold dragon scales {rare} glow green for a moment.
 64935 | Vaults:5 | Entered Level 5 of the Vaults
 64991 | Vaults:5 | Received a gift from Okawaru
 65044 | Vaults:5 | Reached skill level 21 in Armour
 65528 | Vaults:5 | Identified the +5 demon blade "Jellyslayer" {flame, Drain
                  | Str+4 Int+2 Dex+3}
 65668 | Vaults:5 | Reached skill level 22 in Armour
 65668 | Vaults:5 | Reached XP level 24. HP: 147/231 MP: 10/32
 65742 | Vaults:5 | Reached skill level 2 in Stealth
 65905 | Vaults:5 | You pick up a book of Blasting and begin reading...
 65920 | Vaults:5 | You pick up a book of Conjurations {@e2} and begin
                  | reading...
 65953 | Vaults:5 | F - +0 shadow dragon scales {rare}
 65954 | Vaults:5 | You drop +0 shadow dragon scales {rare}.
 65959 | Vaults:5 | Identified the +1 scale mail of Grot {Harm}
 66122 | Vaults:5 | You pick up a book of Iron and begin reading...
 66122 | Vaults:5 | You add the spells Blade Hands and Iron Shot to your
                  | library.
 66134 | Vaults:5 | You add the spells Vhi's Electric Charge and Fire Storm to
                  | your library.
 66134 | Vaults:5 | Got Juas's Handbook of Anthracomancy and the Sixfirhy
 66191 | Vaults:5 | You pick up a book of Dangerous Friends and begin
                  | reading...
 66193 | Vaults:5 | You pick up a book of the Moon and begin reading...
 66193 | Vaults:5 | You add the spells Passage of Golubria and Silence to your
                  | library.
 66216 | Vaults:5 | Reached skill level 3 in Stealth
 66250 | Vaults:5 | Identified the +9 short sword "Ytiski Gaschi" {holy, Will+
                  | rCorr Int-4}
 66267 | Vaults:5 | Reached skill level 4 in Stealth
 66480 | Vaults:5 | Identified +0 gold dragon scales
 66481 | Vaults:5 | Reached skill level 5 in Stealth
 66485 | Vaults:5 | You pick up a book of Air and begin reading...
 66487 | Vaults:5 | You pick up a book of Chaos and begin reading...
 66487 | Vaults:5 | You add the spells Conjure Ball Lightning, Disjunction and
                  | Discord to your library.
 66545 | Vaults:5 | F - +0 gold dragon scales {rare}
 66588 | Vaults:5 | You drop +0 gold dragon scales {rare}.
 66593 | Vaults:5 | Identified the +4 robe of the Solstice {rElec Str+4 Dex-5}
 66862 | Vaults:5 | Reached skill level 6 in Stealth
 66882 | Vaults:5 | Noticed Frederick
 66914 | Vaults:5 | Killed Frederick
 66964 | Vaults:5 | Identified the ring "Caoqump" {rElec Str+4 Dex+6 Stlth-}
 67024 | Vaults:5 | Identified the +3 spear of the Postmodern Allies {freeze,
                  | Stlth+}
 67063 | Vaults:5 | Noticed an ancient lich
 67074 | Vaults:5 | Killed an ancient lich
 67087 | Vaults:5 | Found Xinuqog's Assorted Antiques.
 67177 | Vaults:5 | Identified the amulet "Jaton" {Faith Regen+ Int+5 Dex+4}
 67216 | Vaults:5 | HP: 46/231 [frost giant/+0 battleaxe of freezing (22)]
 67537 | Vaults:5 | Got a silver rune of Zot
 67613 | Vaults:5 | Reached skill level 11 in Dodging
 68280 | Vaults:4 | Bought the +0 pair of fencer's gloves {Riposte Dex+3} for
                  | 680 gold pieces
 68280 | Vaults:4 | Found the +0 pair of fencer's gloves {Riposte Dex+3}
 68319 | Vaults:4 | You drop a +2 quick blade of holy wrath {shortrare=g}.
 68739 | Swamp:4  | Got a decaying rune of Zot
 69079 | Zot:1    | Entered Level 1 of the Realm of Zot
 69116 | Depths:4 | magus.rc [v1.9.6]
 69117 | Depths:4 | magus.rc [v1.9.6]
 69332 | Crypt:1  | Entered Level 1 of the Crypt
 70527 | Crypt:1  | Reached skill level 6 in Shields
 70884 | Crypt:1  | Identified the +1 pair of boots "Cedoicui" {rN+ Str+2}
                  | (Okawaru gifted it to you on level 1 of the Crypt)
 70884 | Crypt:1  | Received a gift from Okawaru
 70915 | Crypt:1  | Noticed Zenata
 70948 | Crypt:2  | Reached skill level 7 in Shields
 71125 | Crypt:2  | Found a transporter.
 71129 | Crypt:2  | Found a transporter.
 71129 | Crypt:2  | Noticed Hivekhle's ghost (veteran VSSu)
 71150 | Crypt:2  | Noticed a dread lich
 71201 | Crypt:2  | Noticed a dread lich
 71221 | Crypt:2  | Killed a dread lich
 71222 | Crypt:2  | Reached skill level 8 in Shields
 71423 | Crypt:2  | Noticed a dread lich
 71538 | Crypt:2  | Identified the +4 plate armour of the Tundras {Harm rF+
                  | Str+3 Int-3}
 71540 | Crypt:2  | Identified the +1 robe "Emoomagu" {Str+3 Dex+4}
 71584 | Crypt:2  | Reached skill level 9 in Shields
 71843 | Crypt:2  | Found an ancient bone altar of Kikubaaqudgha.
 71868 | Crypt:2  | Reached skill level 10 in Shields
 72083 | Crypt:2  | Reached XP level 25. HP: 232/238 MP: 32/32
 72310 | Crypt:3  | Entered Level 3 of the Crypt
 72374 | Crypt:3  | Acquired 791 gold pieces
 72406 | Crypt:3  | Reached skill level 11 in Shields
 72582 | Crypt:3  | Reached skill level 12 in Shields
 73044 | Crypt:3  | Reached skill level 13 in Shields
 73060 | Crypt:3  | Found a staircase to the Tomb.
 73107 | Crypt:3  | Found a basalt altar of Yredelemnul.
 73107 | Crypt:3  | Noticed a curse toe
 73120 | Crypt:3  | Noticed a curse toe
 73129 | Crypt:3  | Killed a curse toe
 73134 | Crypt:3  | HP: 45/238 [??? (35)]
 73135 | Crypt:3  | Killed a curse toe
 73481 | Crypt:3  | Found an ancient bone altar of Kikubaaqudgha.
 73493 | Crypt:3  | You pick up a book of Blood and begin reading...
 73495 | Crypt:3  | You add the spells Kiss of Death, Borgnjor's Revivification
                  | and Necromutation to your library.
 73495 | Crypt:3  | Got Fiolur's Incunable of the Mortuary
 74221 | Vaults:4 | Bought an iridescent eveningstar for 480 gold pieces
 74221 | Vaults:4 | Identified the +8 eveningstar of Departure {holy, rElec
                  | Will++ Str+5} (You bought it in a shop on level 4 of the
                  | Vaults)
 74221 | Vaults:4 | W - the +8 eveningstar of Departure {holy, rElec Will++
                  | Str+5, macerare=g}
 74223 | Vaults:4 | W - the +8 eveningstar of Departure {holy, rElec Will++
                  | Str+5, macerare=g}
 74223 | Vaults:4 | c - the +8 eveningstar of Departure {holy, rElec Will++
                  | Str+5, macerare=g}
 74225 | Vaults:4 | the +8 eveningstar of Departure {holy, rElec Will++ Str+5,
                  | macerare=g} softly glows with a divine radiance!
 74225 | Vaults:4 | c - the +8 eveningstar of Departure (weapon) {holy, rElec
                  | Will++ Str+5, macerare=g}
 74226 | Vaults:4 | Your damage rating with the +8 eveningstar of Departure
                  | {holy, rElec Will++ Str+5, macerare=g} is about 61 (Base 15
                  | x 175% (Str) x 196% (Skill) + 10 (Ench + Slay)).
 74230 | Vaults:4 | the +8 eveningstar of Departure {holy, rElec Will++ Str+5,
                  | macerare=g} stops glowing.
 74852 | Vaults:5 | Bought 2 scrolls of enchant armour for 525 gold pieces
 74852 | Vaults:5 | your +3 gold dragon scales {rare} glow green for a moment.
 74853 | Vaults:5 | your +4 gold dragon scales {rare} glow green for a moment.
 75103 | Zot:1    | Noticed Vv
 75188 | Zot:1    | Noticed an electric golem
 75207 | Depths:4 | Reached skill level 14 in Shields
 75213 | Depths:4 | w - +0 shadow dragon scales {rare}
 75217 | Depths:4 | Killed an electric golem
 75389 | Depths:4 | You drop +0 shadow dragon scales {rare}.
 75438 | Depths:4 | Killed Vv
 75717 | Zot:1    | Reached skill level 15 in Shields
 75946 | Zot:1    | Reached skill level 16 in Shields
 76835 | Zot:1    | Noticed an orb of fire
 76934 | Zot:1    | Reached skill level 17 in Shields
 77221 | Zot:2    | Noticed a Killer Klown
 77225 | Zot:2    | Noticed a Killer Klown
 77229 | Zot:2    | Reached XP level 26. HP: 191/246 MP: 32/32
 77236 | Zot:2    | Killed a Killer Klown
 77241 | Zot:2    | Killed a Killer Klown
 77242 | Zot:2    | Reached skill level 18 in Shields
 77734 | Zot:3    | Noticed a curse toe
 77841 | Zot:3    | Killed a curse toe
 77842 | Zot:3    | Reached skill level 19 in Shields
 77906 | Zot:5    | Entered Level 5 of the Realm of Zot
 78046 | Zot:5    | HP: 50/246 [red draconian scorcher/damnation (37)]
 78048 | Zot:5    | HP: 9/246 [red draconian scorcher/damnation (42)]
 78627 | Zot:5    | Received a gift from Okawaru
 78684 | Zot:5    | Reached skill level 20 in Shields
 78788 | Zot:5    | Noticed an orb of fire
 78797 | Zot:5    | Gained mutation: You have hidden genetic defects. [an orb
                  | of fire]
 78798 | Zot:5    | Killed an orb of fire
 78798 | Zot:5    | Noticed an ancient lich
 78805 | Zot:5    | Killed an ancient lich
 78805 | Zot:5    | Noticed an orb of fire
 78814 | Zot:5    | Killed an orb of fire
 78815 | Zot:5    | Noticed an orb of fire
 78824 | Zot:5    | Gained mutation: Your magical capacity is low. (-10% MP)
                  | [an orb of fire]
 78830 | Zot:5    | Killed an orb of fire
 78830 | Zot:5    | Noticed a Killer Klown
 78831 | Zot:5    | Reached skill level 21 in Shields
 78834 | Zot:5    | Killed a Killer Klown
 78842 | Zot:5    | Noticed a dread lich
 78859 | Zot:5    | Killed a dread lich
 78888 | Zot:5    | Noticed a Killer Klown
 78888 | Zot:5    | Noticed an ancient lich
 78890 | Zot:5    | Noticed a dread lich
 78892 | Zot:5    | Received a gift from Okawaru
 78892 | Zot:5    | Noticed an orb of fire
 78893 | Zot:5    | Noticed a Killer Klown
 78908 | Zot:5    | Gained mutation: Armour fits poorly on your strangely
                  | shaped body. [hidden defects]
 78917 | Zot:5    | Killed a dread lich
 78929 | Zot:5    | Killed an ancient lich
 78930 | Zot:5    | Reached skill level 22 in Shields
 78936 | Zot:5    | Gained mutation: Your body sometimes deteriorates upon
                  | taking damage. [an orb of fire]
 78939 | Zot:5    | Killed an orb of fire
 78940 | Zot:5    | Reached skill level 12 in Dodging
 78954 | Zot:5    | Killed a Killer Klown
 78973 | Zot:5    | Noticed a curse toe
 78979 | Zot:5    | Killed a Killer Klown
 78988 | Zot:5    | Killed a curse toe
 79230 | Zot:5    | Reached XP level 27. HP: 216/254 MP: 28/28
 79322 | Zot:5    | Reached skill level 13 in Dodging
 79337 | Zot:5    | Noticed an electric golem
 79344 | Zot:5    | Gained mutation: Your magical capacity is very low. (-20%
                  | MP) [hidden defects]
 79344 | Zot:5    | Lost mutation: You have hidden genetic defects. [hidden
                  | defects expressed]
 79360 | Zot:5    | Killed an electric golem
 79369 | Zot:5    | Received a gift from Okawaru
 79440 | Zot:5    | Got the Orb of Zot
 79814 | D:11     | Noticed Loall the pandemonium lord
 79856 | D:10     | Noticed Kutut the pandemonium lord
 79977 | D:6      | Reached skill level 14 in Dodging
 80071 | D:$      | Escaped with the Orb!

Vanquished Creatures
  3 dread liches
  3 ancient liches
  4 orbs of fire (Zot:5)
  Josephina (Depths:2)
  Vv (Depths:4)
  5 Killer Klowns
  Frederick (Vaults:5)
  Saint Roka (Vaults:4)
  7 golden dragons
  4 curse toes
  Jory (Vaults:4)
  2 electric golems
  A Brimstone Fiend (D:10)
  25 Orb Guardians
  An Ice Fiend (D:10)
  12 tentacled monstrosities
  3 liches
  Asterion (Elf:3)
  4 deep elf blademasters (Elf:3)
  3 quicksilver dragons
  A deep elf master archer (Elf:3)
  2 walking divine tomes (Depths:4)
  2 titans (Vaults:5)
  6 death cobs
  11 ancient champions
  5 sphinxes
  A thorn hunter (Swamp:4)
  An Executioner (Depths:2)
  A tentacled starspawn (Abyss:2)
  3 storm dragons
  8 shadow dragons
  3 tengu reavers
  5 draconian monks
  7 revenants
  10 draconian knights
  6 frost giants
  16 fire giants
  7 nagarajas
  8 deep elf sorcerers
  2 ghouls
  9 draconian scorchers
  18 vault wardens
  2 iron dragons
  3 ghost moths
  2 orc warlords
  7 draconian annihilators
  4 draconian stormcallers
  13 very ugly things
  9 draconian shifters
  5 deep elf elementalists
  5 war gargoyles
  2 spriggan defenders
  A caustic shrike skeleton (Crypt:2)
  26 ironbound preservers
  10 stone giants
  9 ironbound thunderhulks
  3 green draconians
  9 vampire knights
  13 black draconians
  7 eleionomae
  Azrael (Snake:1)
  12 deep elf annihilators
  2 deep elf demonologists
  4 bunyips
  12 red draconians
  11 white draconians
  19 yellow draconians
  13 purple draconians
  6 dire elephants
  3 eidola
  4 spark wasps
  A green death (Depths:2)
  15 ettins
  9 deep elf death magi
  3 crystal guardians
  3 shambling mangroves
  12 fire dragons
  16 yaktaur captains
  3 entropy weavers
  20 jiangshi
  3 salamander tyrants (Snake:4)
  37 vault guards
  2 rakshasas
  5 deep elf high priests
  3 peacekeepers
  3 great orbs of eyes
  15 hydras
  An ice dragon (shapeshifter) (Vaults:5)
  2 juggernaut simulacra
  4 spriggan air magi
  Erolcha (Orc:2)
  A ghost crab (Swamp:4)
  A hell beast (Depths:1)
  6 ice dragons
  An ogre mage (Orc:2)
  8 centaur warriors
  3 death knights
  Erica (D:8)
  4 anacondas
  3 catoblepae
  5 ironbound frosthearts
  11 alligators
  12 dancing weapons
  4 death yaks (Lair:5)
  6 two-headed ogres
  3 boulder beetles
  20 naga warriors
  5 hell hogs (Abyss:2)
  7 deep troll shamans
  5 naga sharpshooters
  9 vampire magi
  9 deep troll earth magi
  2 spriggan berserkers
  8 tengu warriors
  A thrashing horror (Abyss:2)
  9 shock serpents
  2 sun demons (Depths:2)
  11 deep elf knights
  A soul eater (Depths:2)
  A wretched star (Abyss:2)
  A hell knight (Vaults:5)
  14 spriggans
  25 skeletal warriors
  10 iron trolls
  10 salamander mystics
  4 goliath frogs
  A bunyip zombie (Crypt:2)
  A titan skeleton (Crypt:3)
  2 shadow demons
  6 sea snakes
  75 deep trolls
  3 shadow wraiths
  A sixfirhy (Abyss:2)
  7 spriggan druids
  An anaconda zombie (Crypt:2)
  2 glowing orange brains
  13 swamp dragons
  Lodul (D:12)
  A flayed ghost (Crypt:3)
  4 bog bodies
  8 deep elf archers
  An anaconda skeleton (Crypt:1)
  17 ironbound convokers
  9 necromancers
  5 phantasmal warriors
  7 orc knights
  An iron dragon zombie (Crypt:3)
  10 lindwurms
  8 naga ritualists
  5 wizards
  An orb spider (shapeshifter) (Vaults:1)
  An orange crystal statue (D:10)
  2 bunyip skeletons
  22 deep elf pyromancers
  22 deep elf zephyrmancers
  A frost giant zombie (Vaults:2)
  8 mana vipers
  11 orc sorcerers
  A stone giant zombie (Crypt:3)
  6 will-o-the-wisps
  A wolf spider (Lair:5)
  6 cyclopes
  27 ugly things
  15 moths of wrath
  An iron dragon skeleton (Crypt:1)
  8 manticores
  A sphinx skeleton (Crypt:3)
  A shadow dragon skeleton (Crypt:3)
  21 elephants
  20 salamanders
  13 naga magi
  28 black mambas
  2 guardian serpents
  A titan simulacrum (Depths:2)
  17 vault sentinels
  Maurice (D:8)
  2 rust devils
  2 smoke demons (Abyss:2)
  2 naga zombies
  2 ice statues (IceCv)
  An eleionoma skeleton (Crypt:2)
  2 stone giant skeletons (Crypt:2)
  22 cane toads
  Maggie (D:7)
  A hellion (Zot:3)
  A torpor snail (shapeshifter) (Depths:2)
  2 purple draconian zombies (Crypt:3)
  2 orange demons (Depths:2)
  A kobold demonologist (D:11)
  Psyche (D:8)
  A freezing wraith (D:15)
  4 efreet
  A naga skeleton (Crypt:2)
  47 yaktaurs
  A yaktaur skeleton (Vaults:1)
  A tormentor (D:14)
  9 komodo dragons
  An anaconda simulacrum (IceCv)
  7 rime drakes
  3 tengu conjurers
  A hellwing (Depths:2)
  A meliai (shapeshifter) (D:15)
  4 trolls
  A polar bear (Lair:5)
  A bloated husk (Swamp:1)
  15 hornets
  A death drake skeleton (Crypt:2)
  5 tyrant leeches
  A guardian serpent zombie (Crypt:1)
  A tengu simulacrum (Vaults:2)
  3 blink frogs (Lair:2)
  2 culicivora zombies
  5 raiju (Abyss:2)
  4 dream sheep (Lair:5)
  A small abomination (Abyss:2)
  2 human skeletons
  6 large abominations
  Prince Ribbit (D:8)
  A fire giant simulacrum (Depths:2)
  16 flying skulls
  24 slime creatures
  A frost giant simulacrum (Depths:2)
  An air elemental (Elf:3)
  2 jumping spiders (Vaults:1)
  4 vampires (Crypt:3)
  17 wyverns
  3 wraiths
  70 yaks
  A water elemental (Depths:4)
  A culicivora (Vaults:3)
  16 fire elementals
  7 fire bats (Volcano)
  5 steam dragons
  6 basilisks
  2 chaos spawn (Depths:2)
  A death yak simulacrum (IceCv)
  4 redbacks
  Grum (D:7)
  2 vampire mosquitoes (Swamp:2)
  21 nagas
  4 acid dragons
  6 wargs
  A glowing shapeshifter zombie (Vaults:1)
  8 swamp worms
  5 hell hounds
  25 water moccasins
  11 swamp drakes
  10 orc warriors
  A deep troll skeleton (Crypt:2)
  3 black bears
  A glowing shapeshifter skeleton (Crypt:3)
  The ghost of hollybug the Slasher, an amateur GnCA of Ignis (D:5)
  A sky beast (D:7)
  An ettin simulacrum (Crypt:3)
  A fire dragon simulacrum (Crypt:2)
  A spriggan simulacrum (Depths:2)
  6 boggarts
  15 ogres
  4 centaurs
  13 wolves
  A lindwurm skeleton (Crypt:2)
  A phantom (D:5)
  4 elf zombies
  12 bullfrogs
  A gnoll sergeant (D:9)
  An earth elemental (Elf:1)
  An elf skeleton (Crypt:1)
  A cane toad simulacrum (IceCv)
  2 necrophages
  A scorpion (D:7)
  15 killer bees
  A yak skeleton (Crypt:1)
  6 howler monkeys
  A crimson imp (Abyss:2)
  9 lava snakes
  17 orc priests
  2 iron imps (Abyss:2)
  Terence (D:3)
  28 orc wizards
  7 iguanas
  6 hell rats (Lair:1)
  A boggart skeleton (Crypt:2)
  A polar bear simulacrum (IceCv)
  An ogre skeleton (Crypt:3)
  3 gnolls (D:9)
  5 adders
  A shadow imp (D:6)
  A steam dragon skeleton (Crypt:3)
  14 white imps
  An ufetubus (D:6)
  A lava snake skeleton (Crypt:3)
  4 dart slugs
  58 orcs
  6 ball pythons
  2 bats (D:2)
  2 endoplasms
  A giant cockroach (D:3)
  6 goblins
  4 hobgoblins (D:1)
  7 kobolds
  6 quokkas
  A dart slug zombie (Crypt:2)
  6 frilled lizards
  A jackal skeleton (Crypt:1)
  An orc zombie (Crypt:2)
  4 rats
1992 creatures vanquished.

Vanquished Creatures (others)
  An eldritch tentacle (Depths:2)
  A shadow dragon (Zot:1)
  A ghost moth (Zot:5)
  A draconian shifter (Zot:5)
  A wizard (Vaults:1)
  2 yaktaurs (Volcano)
  A bloated husk (Swamp:1)
  A yak (Lair:2)
  A naga (Snake:3)
  An orc wizard (Orc:2)
  A bush (Lair:4)
  42 foxfires
  60 fungi
  217 plants
  4 starspawn tentacles (Abyss:2)
335 creatures vanquished.

Grand Total: 2327 creatures vanquished

Table legend:
 A = Non-vault XP
 B = Vault XP
 C = Vault XP percentage of total XP
 D = Non-vault monster count
 E = Vault monster count
 F = Vault count percentage of total count
                 A         B        C        D         E       F
            +---------+---------+-------+---------+---------+-------
      Total |  741843 |  545735 |  42.4 |    1294 |     690 |  34.8
            +---------+---------+-------+---------+---------+-------
        D:1 |      30 |       0 |   0.0 |      15 |       0 |   0.0
        D:2 |      57 |       2 |   3.4 |      17 |       1 |   5.6
        D:3 |      49 |      36 |  42.4 |      18 |       1 |   5.3
        D:4 |     246 |       0 |   0.0 |      14 |       0 |   0.0
        D:5 |     405 |     127 |  23.9 |      12 |       1 |   7.7
        D:6 |     693 |     243 |  26.0 |      13 |       2 |  13.3
        D:7 |     921 |     698 |  43.1 |      18 |       3 |  14.3
        D:8 |    1127 |    2026 |  64.3 |      23 |       5 |  17.9
        D:9 |    3485 |       0 |   0.0 |      20 |       0 |   0.0
       D:10 |    5281 |    1094 |  17.2 |      19 |       2 |   9.5
       D:11 |    4817 |     512 |   9.6 |      17 |       3 |  15.0
       D:12 |    6721 |    1656 |  19.8 |      25 |       9 |  26.5
       D:13 |    3988 |       0 |   0.0 |       8 |       0 |   0.0
       D:14 |   15401 |    2561 |  14.3 |      24 |       4 |  14.3
       D:15 |    9979 |    2704 |  21.3 |      20 |       3 |  13.0
     Lair:1 |    1625 |       0 |   0.0 |      12 |       0 |   0.0
     Lair:2 |    8047 |       0 |   0.0 |      33 |       0 |   0.0
     Lair:3 |    6513 |     639 |   8.9 |      25 |       4 |  13.8
     Lair:4 |    8719 |       0 |   0.0 |      29 |       0 |   0.0
     Lair:5 |   20282 |   15162 |  42.8 |      51 |      55 |  51.9
    Swamp:1 |    5163 |       0 |   0.0 |       8 |       0 |   0.0
    Swamp:2 |   10592 |    4661 |  30.6 |      20 |       5 |  20.0
    Swamp:3 |   19838 |       0 |   0.0 |      33 |       0 |   0.0
    Swamp:4 |   14295 |   13018 |  47.7 |      24 |      23 |  48.9
    Snake:1 |   11724 |    2429 |  17.2 |      21 |       9 |  30.0
    Snake:2 |   17321 |    1352 |   7.2 |      29 |       2 |   6.5
    Snake:3 |   17343 |       0 |   0.0 |      33 |       0 |   0.0
    Snake:4 |   19177 |   27083 |  58.5 |      34 |      37 |  52.1
      Orc:1 |    1240 |     123 |   9.0 |      12 |      12 |  50.0
      Orc:2 |    3053 |    8824 |  74.3 |      27 |      45 |  62.5
      Elf:1 |   17087 |    6199 |  26.6 |      27 |      14 |  34.1
      Elf:2 |    8494 |    2307 |  21.4 |      13 |       3 |  18.8
      Elf:3 |   16673 |   35197 |  67.9 |      26 |      30 |  53.6
   Vaults:1 |   22740 |   34665 |  60.4 |      40 |      49 |  55.1
   Vaults:2 |   16068 |   25557 |  61.4 |      21 |      34 |  61.8
   Vaults:3 |   34404 |   32593 |  48.6 |      49 |      39 |  44.3
   Vaults:4 |   33838 |   24324 |  41.8 |      45 |      38 |  45.8
   Vaults:5 |   30103 |   99270 |  76.7 |      36 |      87 |  70.7
    Crypt:1 |   13221 |    1788 |  11.9 |      24 |       2 |   7.7
    Crypt:2 |   40195 |    3482 |   8.0 |      56 |       5 |   8.2
    Crypt:3 |   11822 |   30778 |  72.2 |      20 |      31 |  60.8
   Depths:1 |   32580 |       0 |   0.0 |      36 |       0 |   0.0
   Depths:2 |   18645 |   19144 |  50.7 |      21 |      23 |  52.3
   Depths:3 |   26281 |    5757 |  18.0 |      30 |       4 |  11.8
   Depths:4 |   47858 |   17616 |  26.9 |      46 |      14 |  23.3
      Zot:1 |   50319 |   10568 |  17.4 |      45 |      10 |  18.2
      Zot:2 |   25220 |   13593 |  35.0 |      23 |       9 |  28.1
      Zot:3 |   10510 |    3532 |  25.2 |      10 |      11 |  52.4
      Zot:5 |   55609 |   88452 |  61.4 |      46 |      35 |  43.2
    Abyss:2 |   12044 |       0 |   0.0 |      26 |       0 |   0.0
      IceCv |       0 |    2639 | 100.0 |       0 |       8 | 100.0
    Volcano |       0 |    3324 | 100.0 |       0 |      18 | 100.0
            +---------+---------+-------+---------+---------+-------

Illustrated notes

Table legend:
 A = Kills in this place as a percentage of kills in entire the game.
 B = Kills by you in this place as a percentage of kills by you in the entire game.
 C = Kills by friends in this place as a percentage of kills by friends in the entire game.
 D = Other kills in this place as a percentage of other kills in the entire game.
 E = Experience gained in this place as a percentage of experience gained in the entire game.
 F = Experience gained in this place divided by the number of levels of this place that you have seen.
                   A       B       C       D       E      F
               +-------+-------+-------+-------+-------+----------------------
         Total | 100.0 | 100.0 |   N/A | 100.0 | 100.0 | 24499.7
       Dungeon |  15.2 |  15.3 |   N/A |   0.0 |   5.6 | 4853.1
          Lair |  10.5 |  10.4 |   N/A |  33.3 |   4.7 | 12197.4
         Swamp |   5.7 |   5.7 |   N/A |   0.0 |   5.2 | 16891.8
     Snake Pit |   8.3 |   8.3 |   N/A |   0.0 |   7.4 | 24107.2
  Orcish Mines |   4.8 |   4.8 |   N/A |   0.0 |   1.0 | 6620.0
   Elven Halls |   5.7 |   5.7 |   N/A |   0.0 |   6.6 | 28652.3
        Vaults |  22.0 |  22.0 |   N/A |   0.0 |  27.2 | 70712.4
         Crypt |   6.9 |   6.9 |   N/A |   0.0 |   7.8 | 33762.0
        Depths |   8.8 |   8.8 |   N/A |   0.0 |  13.1 | 42618.5
           Zot |   9.5 |   9.4 |   N/A |  66.7 |  19.9 | 51635.8
         Abyss |   1.3 |   1.3 |   N/A |   0.0 |   0.9 | 12044.0
      Ice Cave |   0.4 |   0.4 |   N/A |   0.0 |   0.2 | 2639.0
       Volcano |   0.9 |   0.9 |   N/A |   0.0 |   0.3 | 3324.0
               +-------+-------+-------+-------+-------+----------------------

Table legend: (Time is in decaauts)
 A = Elapsed time spent in this place.
 B = Non-inter-level travel time spent in this place.
 C = Inter-level travel time spent in this place.
 D = Time resting spent in this place.
 E = Time spent auto-exploring this place.
 F = Levels seen in this place.
 G = Mean time per level.
                   A        B        C        D        E       F      G
               +--------+--------+--------+--------+--------+-----+--------+
         Total |  78774 |  69873 |   8901 |  22301 |  33054 |  53 | 1486.3 |
       Dungeon |  18990 |  15783 |   3207 |   3963 |   9220 |  15 | 1266.0 |
          Lair |   8109 |   6866 |   1243 |   1412 |   3923 |   5 | 1621.8 |
         Swamp |   5075 |   4731 |    344 |   1642 |   2252 |   4 | 1268.8 |
     Snake Pit |   8703 |   8073 |    630 |   3110 |   3645 |   4 | 2175.8 |
  Orcish Mines |   2824 |   2235 |    589 |    382 |   1289 |   2 | 1412.0 |
   Elven Halls |   4874 |   4590 |    284 |   1445 |   2276 |   3 | 1624.7 |
        Vaults |  12941 |  11401 |   1540 |   4022 |   4827 |   5 | 2588.2 |
         Crypt |   3774 |   3690 |     84 |   1150 |   1781 |   3 | 1258.0 |
        Depths |   8575 |   7718 |    857 |   3400 |   2947 |   4 | 2143.8 |
           Zot |   3712 |   3592 |    120 |   1409 |    765 |   5 |  742.4 |
         Abyss |    563 |    563 |      0 |    131 |     19 |   1 |  563.0 |
      Ice Cave |    169 |    169 |      0 |     68 |      0 |   1 |  169.0 |
       Volcano |    459 |    459 |      0 |    165 |    107 |   1 |  459.0 |
               +--------+--------+--------+--------+--------+-----+--------+

Top non-repeatable levels by time:
Vaults:5: 2989 daAuts
    D:14: 2838 daAuts
Vaults:3: 2828 daAuts
Vaults:4: 2815 daAuts
Depths:3: 2642 daAuts
  Lair:5: 2617 daAuts
 Snake:4: 2540 daAuts
Vaults:2: 2430 daAuts
Depths:4: 2393 daAuts
 Snake:2: 2392 daAuts
   Elf:3: 2276 daAuts
Depths:2: 2161 daAuts
 Snake:1: 2028 daAuts
   Orc:2: 2022 daAuts
Vaults:1: 1877 daAuts
